 Dungeon Crawl Stone Soup version 0.29.1-1-gd02db6906a (webtiles) character file.

Game seed: 7324881368578777469

2111 tardwrangler69 the Cleaver (level 9, -1/83 HPs)
             Began as a Minotaur Chaos Knight on Sept 28, 2022.
             Was a Plaything of Xom.
             Shot with a sling bullet by Joseph (13 damage)
             ... on level 7 of the Dungeon.
             The game lasted 00:07:21 (7393 turns).

tardwrangler69 the Cleaver (Minotaur Chaos Knight)  Turns: 7393, Time: 00:07:22

Health: -1/83      AC:  9    Str: 24    XL:     9   Next: 8%
Magic:  8/8        EV: 11    Int:  9    God:    Xom [..*...]
Gold:   373        SH:  0    Dex: 11    Spells: 8/8 levels left

rFire   + . .      SeeInvis .   a - +1 hand axe (flame)
rCold   . . .      Faith    .   (no shield)
rNeg    . . .      Spirit   .   r - +4 ring mail of Gugulua {Contam rElec rF+ Str+4}
rPois   .          Reflect  .   (helmet restricted)
rElec   +          Harm     .   (no cloak)
rCorr   .          Rampage  .   (no gloves)
Will    .....                   (no boots)
Stlth   +.........              (no amulet)
HPRegen 0.23/turn               (no ring)
MPRegen 0.11/turn               (no ring)

@: about to teleport
A: horns 2, retaliatory headbutt
a: Renounce Religion


You were on level 7 of the Dungeon.
You worshipped Xom.
You were a toy of Xom.
You visited 1 branch of the dungeon, and saw 7 of its levels.

You collected 373 gold pieces.

Inventory:

Hand Weapons
 a - a +1 hand axe of flaming (weapon)
Armour
 r - the +4 ring mail of Gugulua (worn) {Contam rElec rF+ Str+4}
   (You found it on level 4 of the Dungeon)

   Str:       It affects your strength (+4).
   rF:        It protects you from fire.
   rElec:     It insulates you from electricity.
   Contam:    It causes magical contamination when unequipped.
Wands
 i - a wand of paralysis (6)
 q - a wand of quicksilver (4)
Scrolls
 b - a scroll of enchant weapon
 e - 2 scrolls of enchant armour
 h - a scroll of teleportation
 m - a scroll of blinking
 n - a scroll of magic mapping
Potions
 g - 2 potions of flight
 k - 2 potions of curing
 l - a potion of brilliance {unknown}
Miscellaneous
 c - a piece from Xom's chessboard (15/15) (quivered)


   Skills:
 + Level 9.0 Fighting
 * Level 12.1 Axes
 - Level 2.4 Armour
 - Level 1.1 Dodging


You had 8 spell levels left.
You didn't know any spells.
Your spell library contained the following spells:

 Spells                   Type           Power      Damage    Failure   Level
 Ensorcelled Hibernation  Hex/Ice        0%         N/A       67%         2
 Passwall                 Tmut/Erth      0%         N/A       67%         2
 Poisonous Vapours        Pois/Air       0%         N/A       67%         2
 Gell's Gravitas          Tloc           0%         N/A       88%         3
 Lesser Beckoning         Tloc           0%         N/A       88%         3
 Swiftness                Air            0%         N/A       88%         3
 Teleport Other           Tloc           0%         N/A       88%         3
 Corpse Rot               Necr/Pois/Air  0%         N/A       99%         4
 Fireball                 Conj/Fire      0%         3d3       100%        5
 Starburst                Conj/Fire      0%         6d3       100%        6
 Ignition                 Fire           0%         3d3       100%        8


Dungeon Overview and Level Annotations

Branches:
Dungeon (7/15)             Temple (0/1) D:5

Altars:
Dithmenos
Fedhas
Hepliaklqana
Makhleb
The Shining One

Annotations:
D:3 4 runed translucent doors, Crazy Yiuf; karrick's ghost, amateur GrFi
D:7 Joseph


Innate Abilities, Weirdness & Mutations

You have a pair of horns on your head.
You reflexively headbutt those who attack you in melee.


Message History

Joseph is moderately wounded.
You hit Joseph. You burn Joseph.
Joseph is moderately wounded.
Joseph barely misses you.
You hit Joseph. You burn Joseph.
Joseph is heavily wounded.
Joseph hits you with a +0 quarterstaff!
You hit Joseph but do no damage.
Joseph is heavily wounded.
Joseph hits you with a +0 quarterstaff!
You emit a cloud of colourful smoke!
You hit Joseph. You burn Joseph. Your headbutt misses Joseph.
Joseph is heavily wounded.
You slash Joseph! You burn Joseph.
Joseph is heavily wounded.
Joseph closely misses you.
You barely miss Joseph.
Joseph is heavily wounded.
Joseph hits you with a +0 quarterstaff!
* * * LOW HITPOINT WARNING * * *
You feel much better. Joseph hits you with a +0 quarterstaff!
* * * LOW HITPOINT WARNING * * *
You closely miss Joseph. Your headbutt misses Joseph.
Joseph is heavily wounded.
You hit Joseph but do no damage.
Joseph is heavily wounded.
Joseph hits you with a +0 quarterstaff!
* * * LOW HITPOINT WARNING * * *
You feel much better. Joseph hits you with a +0 quarterstaff!
* * * LOW HITPOINT WARNING * * *
Blink to where?
Press: ? - help, Dir - move target, f - you
Okay, then.
Unknown command.
As you read the scroll of teleportation, it crumbles to dust.
You feel strangely unstable. Joseph hits you but does no damage.
Joseph unwields a +0 quarterstaff.
Joseph wields a +0 sling.
Joseph shoots a sling bullet.
The sling bullet hits you!
You die...
Xom is highly amused!

,* * ,* ##.## , ,
,***..* ####.#.## ,
,
#.#######...###.###.
,, ........#..##
##.... , **#.*
##.....###.###. *,
,* #.*
##.#.###.#.#.... *
#. ##.##.# *#..#....
* #@##.###.#
##...... , *
#○○@..##.# #......
,, *,*
#§.###.#.#####......
**, #[.#
*#........#.... ,,,*
#..# ###........†.
,** ....,,
#...#...... , *
.####*,* #...#......
* ,.(* ,*
#...#...... ,,,,.. *
#...#.....# * ,
####........=#


You could see Joseph.

Vanquished Creatures
  A troll (D:6)
  A black bear (D:6)
  3 ice beasts
  An ogre (D:5)
  A bullfrog (D:6)
  A gnoll sergeant (D:4)
  A necrophage (D:4)
  3 scorpions
  6 killer bees (D:7)
  4 hounds (D:6)
  A jelly (D:7)
  Jessica (D:3)
  An orc wizard (D:6)
  Natasha (thrice) (D:3)
  8 iguanas
  16 gnolls
  9 adders
  2 white imps (D:6)
  An ufetubus (D:5)
  A dart slug (D:1)
  14 orcs
  6 ball pythons
  2 bats (D:1)
  4 endoplasms
  2 giant cockroaches
  4 goblins
  7 hobgoblins
  4 jackals (D:4)
  A quokka (D:4)
  2 frilled lizards
  A goblin zombie (D:6)
  2 hobgoblin zombies (D:6)
  7 kobolds
  An orc skeleton (D:6)
  2 orc zombies (D:6)
  3 rats
127 creatures vanquished.

Vanquished Creatures (collateral kills)
  A shadow imp (D:5)
1 creature vanquished.

Grand Total: 128 creatures vanquished

Notes
Turn   | Place    | Note
-------+----------+-------------------------------------------
     0 | D:1      | tardwrangler69 the Minotaur Chaos Knight began the quest
                  | for the Orb.
     0 | D:1      | Reached XP level 1. HP: 19/19 MP: 0/0
   155 | D:1      | XOM: smoke on damage
   249 | D:1      | XOM: silly message
   388 | D:1      | Reached skill level 4 in Axes
   431 | D:1      | Reached XP level 2. HP: 27/27 MP: 1/1
   689 | D:1      | XOM: cloud trail
  1027 | D:2      | Reached XP level 3. HP: 33/33 MP: 2/2
  1444 | D:2      | Found a faded altar of an unknown god.
  1503 | D:2      | Reached skill level 5 in Axes
  1603 | D:2      | XOM: silly message
  1696 | D:3      | Found a runed translucent gate.
  1696 | D:3      | Found a runed translucent gate.
  1696 | D:3      | Found a runed translucent gate.
  1840 | D:3      | Noticed Natasha
  1845 | D:3      | XOM: smoke on damage
  1846 | D:3      | Killed Natasha
  1847 | D:3      | Reached XP level 4. HP: 25/41 MP: 3/3
  1850 | D:3      | Noticed Natasha
  1852 | D:3      | XOM: silly message
  1856 | D:3      | Killed Natasha
  2238 | D:3      | Noticed Jessica
  2251 | D:3      | Killed Jessica
  2252 | D:3      | Reached skill level 6 in Axes
  2416 | D:3      | Noticed karrick's ghost (amateur GrFi)
  2420 | D:3      | Identified the +4 hand axe "Ufesur" {pain, rElec rC+ Will+}
  2420 | D:3      | Identified the +2 scale mail "Felomagi" {rN+ Str+2 Dex+4
                  | Slay+2}
  2526 | D:3      | Noticed Natasha
  2531 | D:3      | Killed Natasha
  2532 | D:3      | Reached skill level 5 in Fighting
  2532 | D:3      | Reached XP level 5. HP: 48/48 MP: 4/4
  2668 | D:3      | Found a runed translucent door.
  2669 | D:3      | Noticed Crazy Yiuf
  2816 | D:3      | XOM: divination: detect creatures
  3097 | D:4      | XOM: divination: detect creatures
  3102 | D:4      | XOM: divination: detect items
  3111 | D:4      | Identified the +4 ring mail of Gugulua {Contam rElec rF+
                  | Str+4}
  3305 | D:4      | XOM: divination: magic mapping
  3373 | D:4      | XOM: silly message
  3398 | D:4      | Reached skill level 7 in Axes
  3398 | D:4      | Reached XP level 6. HP: 56/56 MP: 5/5
  3436 | D:4      | Found a shadowy altar of Dithmenos.
  3589 | D:4      | XOM: silly message
  3692 | D:4      | XOM is BORED!
  3977 | D:5      | Entered Level 5 of the Dungeon
  4079 | D:4      | XOM: god gift: 42 gold pieces
  4093 | D:4      | Reached skill level 8 in Axes
  4287 | D:5      | Reached XP level 7. HP: 53/63 MP: 6/6
  4398 | D:5      | Found a burning altar of Makhleb.
  4541 | D:4      | XOM: scenery: summon butterflies
  4901 | D:4      | XOM: god gift: scroll labelled GEEXOE NESEKH {god gift}
  5143 | D:5      | XOM: summons friendly iron imp
  5147 | D:5      | Reached skill level 9 in Axes
  5469 | D:5      | Found a staircase to the Ecumenical Temple.
  5622 | D:5      | XOM: 1-stop teleportation journey
  5769 | D:5      | Reached XP level 8. HP: 50/73 MP: 7/7
  5925 | D:5      | Found a blossoming altar of Fedhas.
  5925 | D:5      | Found a hazy altar of Hepliaklqana.
  6255 | D:6      | Reached skill level 10 in Axes
  6258 | D:6      | XOM: enchant monster (bad)
  6515 | D:6      | Found a glowing golden altar of the Shining One.
  6613 | D:6      | Noticed a five-headed hydra
  6613 | D:6      | Noticed a troll
  6630 | D:6      | XOM: summons 2 friendly demons
  6655 | D:6      | XOM: potion effect (curing)
  6659 | D:6      | XOM: silly message
  6674 | D:6      | Noticed a two-headed ogre
  6676 | D:6      | HP: 1/74 [two-headed ogre/+0 giant spiked club (19)]
  6679 | D:6      | XOM: potion effect (curing)
  6734 | D:6      | Reached skill level 11 in Axes
  6845 | D:6      | XOM: silly message
  6931 | D:6      | XOM: potion effect (brilliance)
  6947 | D:6      | Killed a troll
  6973 | D:6      | XOM: divination: detect items
  7051 | D:5      | XOM: silly message
  7179 | D:7      | Reached skill level 12 in Axes
  7179 | D:7      | Reached XP level 9. HP: 68/82 MP: 8/8
  7371 | D:7      | Noticed Joseph
  7376 | D:7      | XOM: divination: magic mapping
  7384 | D:7      | XOM: smoke on damage
  7393 | D:7      | Shot with a sling bullet by Joseph

Illustrated notes

Levels and vault maps discovered:
D:1:      lemuel_arrival_muddy, layout_basic
D:2:      layout_basic, chequers_ecumenical_altar_simple_redux
D:3:      layout_basic, biasface_ghost_orc_armoury, uniq_jessica,
          uniq_crazy_yiuf_cottage, uniq_natasha
D:4:      layout_loops_ring, mainiacjoe_overflow_alcove_4,
          nicolae_kite_square_tiling_tiny, chequers_serial_rivers_room_b
D:5:      layout_gridville, gammafunk_temple_overflow_wave, lemuel_doored_altar,
          minmay_temple_entry_junction
D:6:      layout_layer_cave, nicolae_tso_besieged_by_evil, grunt_ministairs_14,
          kb_rosetta
D:7:      minmay_spotlight, layout_loops_ring, general_overflow_altar,
          nzn_wu_jian_council_hall, gammafunk_ghost_grave, feat_on_display,
          uniq_joseph

Skill      XL: |  1  2  3  4  5  6  7  8  9 |
---------------+----------------------------+-----
Axes           | 4 5 6 7 8 9 12 | 12.1
Fighting       | 4 5 6 7 8 9 |  9.0
Armour         | |  2.4
Dodging        | |  1.1

Action                   |  1- 3 |  4- 6 |  7- 9 || total
-------------------------+-------+-------+-------++-------
Melee: Hand axe          |    68 |   120 |   173 ||   361
       Headbutt          |     5 |    23 |    28 ||    56
       Punch             |     1 |       |     1 ||     2
  Use: Scroll            |     5 |       |    11 ||    16
       Potion            |       |       |     5 ||     5
Armor: Leather armour    |    11 |       |       ||    11
       Ring mail         |    16 |    37 |    54 ||   107
       Skin              |       |       |    13 ||    13
Dodge: Dodged            |    41 |    52 |   116 ||   209
